 Dungeon Crawl Stone Soup version 0.25-a0-661-g55ea3d2053 (webtiles) character file.

Game seed: 7732138629732409298, levelgen mode: deterministic

100 Lauz the Insei (level 4, -4/32 HPs)
             Began as a Merfolk Transmuter on Mar 23, 2020.
             Slain by a gnoll
             ... wielding a +2 vorpal flail
              (8 damage)
             ... on level 3 of the Dungeon.
             The game lasted 00:09:37 (2579 turns).

Lauz the Insei (Merfolk Transmuter)                 Turns: 2579, Time: 00:09:38

Health: -4/32      AC:  3    Str: 11    XL:     4   Next: 74%
Magic:  7/7        EV: 13    Int: 12    God:
Gold:   128        SH:  0    Dex: 14    Spells: 4/7 levels left

rFire    x . .     SeeInvis .     - Unarmed
rCold    + . .     Gourm    .   (no shield)
rNeg     . . .     Faith    .   m - +0 leather armour
rPois    .         Spirit   .   (no helmet)
rElec    .         Reflect  .   (no cloak)
rCorr    .         Harm     .   (no gloves)
MR       .....                  (no boots)
Stlth    +.........             k - amulet of the acrobat
HPRegen  0.10/turn              g - ring of ice
MPRegen  0.10/turn              (no ring)

@: no status effects
A: change form in water, swift swim, stealthy swim
a: no special abilities


You were on level 3 of the Dungeon.
You were not hungry.

You visited 1 branch of the dungeon, and saw 3 of its levels.

You collected 128 gold pieces.

Inventory:

Missiles
 a - 53 arrows
Armour
 b - a +0 robe
 j - a +0 robe
 m - a +0 leather armour (worn)
Jewellery
 g - a ring of ice (left hand)
 k - an amulet of the acrobat (around neck)
Scrolls
 h - a scroll of magic mapping {unknown}
 i - 2 scrolls of identify {unknown}
 l - 3 scrolls of remove curse {unknown}
 o - a scroll of enchant weapon {unknown}
 p - a scroll of teleportation {unknown}
Potions
 c - 2 potions of curing {unknown}
 e - 4 potions of mutation {unknown}
 f - a potion of stabbing {unknown}
 n - a potion of flight {unknown}
Comestibles
 d - 4 rations


   Skills:
 + Level 1.4 Fighting
 + Level 0.1 Armour
 + Level 3.5 Dodging
 + Level 4.7 Unarmed Combat
 - Level 2.3 Spellcasting
 * Level 3.5 Transmutations


You had 4 spell levels left.
You knew the following spells:

 Your Spells              Type           Power        Failure   Level  Hunger
a - Beastly Appendage     Tmut           #.....       9%          1    ##.....
b - Sticks to Snakes      Tmut           #.......     12%         2    ###....

Your spell library contained the following spells:

 Spells                   Type           Power        Failure   Level  Hunger
 Spider Form              Tmut/Pois      #.........   45%         3    ####...
 Ice Form                 Ice/Tmut       #.......     86%         4    #####..
 Blade Hands              Tmut           #.........   92%         5    ######.


Dungeon Overview and Level Annotations

Branches:
Dungeon (3/15)

Altars:
Hepliaklqana


Message History

The gnoll shouts!
You hear a shout!
Found 9 gold pieces.
You see here a +1 vorpal spear.
You hit the gnoll.
The gnoll is lightly wounded.
The gnoll closely misses you.
You closely miss the gnoll.
The gnoll is lightly wounded.
The gnoll hits you.
You hit the gnoll. You headbutt the gnoll.
The gnoll is severely wounded.
Your horns disappear.
The gnoll hits you with a +2 vorpal flail.
* * * LOW HITPOINT WARNING * * *
x2 A kobold comes into view. It is wielding a +0 club.
The gnoll closely misses you.
You hit the gnoll but do no damage.
The gnoll is severely wounded.
The gnoll hits you with a +2 vorpal flail!
You die...

.. ###.###
.....#
....# ...#
$K# #g#
#@####
#g)..#
####.#
####.#
#....#
#.####
######.##.#
#.........#
#.###.###.#


You could see 2 gnolls and a kobold.

Vanquished Creatures
  Jessica (D:2)
  A gnoll (D:3)
  An ooze (D:1)
  A worm (D:2)
  3 dart slugs (D:1)
  2 leopard geckos (D:1)
  12 bats
  A giant cockroach (D:2)
  A goblin (D:1)
  8 hobgoblins
  A jackal (D:1)
  2 quokkas (D:2)
  A ball python (D:2)
  3 frilled lizards (D:1)
  7 kobolds
  3 rats
48 creatures vanquished.

Notes
Turn   | Place    | Note
-------+----------+-------------------------------------------
     0 | D:1      | Lauz the Merfolk Transmuter began the quest for the Orb.
     0 | D:1      | Reached XP level 1. HP: 15/15 MP: 3/3
   233 | D:1      | Reached XP level 2. HP: 21/21 MP: 3/5
   258 | D:1      | Reached skill level 4 in Unarmed Combat
   263 | D:1      | Learned a level 2 spell: Sticks to Snakes
   620 | D:1      | HP: 1/21 [dart slug (3)]
   648 | D:1      | Reached XP level 3. HP: 20/26 MP: 4/6
  1405 | D:2      | Noticed Jessica
  1419 | D:2      | Killed Jessica
  1419 | D:2      | Reached XP level 4. HP: 22/32 MP: 7/7
  2141 | D:2      | Found a hazy altar of Hepliaklqana.
  2579 | D:3      | Slain by a gnoll

Levels and vault maps discovered:
D:1:      minmay_arrival_stone_box, layout_basic, minmay_three_crescents
D:2:      layout_rooms, lemuel_round_altar, wad_floor_pattern_1, dk_vineyard_2,
          st_stairs_3, minmay_misc_feat_encased, uniq_jessica
D:3:      layout_basic, evilmike_ruin_ashenzari, uniq_terence

Skill      XL: |  1  2  3 |
---------------+----------+-----
Unarmed Combat | 4 |  4.7
Dodging        | 3 |  3.5
Transmutations | 3 |  3.5
Fighting       | |  1.4
Armour         | |  0.1
Spellcasting   | |  2.3

Action                   |  1- 3 |  4- 6 || total
-------------------------+-------+-------++-------
Melee: Unarmed           |    99 |    69 ||   168
       Headbutt          |    11 |     7 ||    18
 Cast: Beastly Appendage |    22 |    12 ||    34
  Use: Potion            |     1 |       ||     1
  Eat: Chunk             |     2 |     4 ||     6
Armor: Robe              |    28 |     1 ||    29
       Leather armour    |       |    19 ||    19
Dodge: Dodged            |    73 |   221 ||   294

Table legend:
 A = Non-vault XP
 B = Vault XP
 C = Vault XP percentage of total XP
 D = Non-vault monster count
 E = Vault monster count
 F = Vault count percentage of total count
                 A         B        C        D         E       F
            +---------+---------+-------+---------+---------+-------
      Total |      94 |      50 |  34.7 |      39 |       9 |  18.8
            +---------+---------+-------+---------+---------+-------
        D:1 |      50 |      10 |  16.7 |      22 |       6 |  21.4
        D:2 |      27 |      40 |  59.7 |      14 |       3 |  17.6
        D:3 |      17 |       0 |   0.0 |       3 |       0 |   0.0
            +---------+---------+-------+---------+---------+-------
